Unix NetHack Version 5.0.0-0 post-release - last build May 23 2026 06:08:33 (1c0ff79ee797540d5714e4e18072db0edd9e58ae,branch:main).

Game began 2026-05-26 20:32:47, ended 2026-05-26 20:45:06.

Corncycle, chaotic male human Rogue

                          ---------------    --------         ---------
                          |..............    |......|         |.......|
     --------            #..............|    |......|         |.......|
     |..@B.>.#####0      #|.............|    |.:.....#        |......%|
     |.x....|     #      #|..............    |......|#       #........|
     |......-     ##     #|.............|   #+......|#       #---------
     |......|      ###   #-.-------------####-.------####    ##
     --------        ##### ####         ##  ####        ##    #
                        ##    ##       ##    ##############   ##
                          #### #####   #      #    ####   ######
                     ------# #  ---.-- #      ####    ##  -----#
                     |<....# #  |....| #         ##       .....#####
                     |....|  #  |....|##          #       |...| ## #
                     |....|  ###-....-#           #       ....|  # #####
                     |....|     |....|         ---.---    -----  # # --|----
                     +....|     |....|         |.....|           # ##|.....|
                     ------     ------         |.....|           ####|.....|
                                               |>....|              #......|
                                               -------               -------

Corncycle the Cutpurse  St:11 Dx:18 Co:12 In:13 Wi:10 Ch:11  Chaotic
Dlvl:4  $:0  HP:0(27) Pw:12(12) AC:7  Xp:3 T:1256 

Latest messages:
 You are hit by a crossbow bolt.
 It is hit.
 It is destroyed!
 You strike the dwarf from behind!
 You kill the dwarf!
 You learn more about your items by comparing them.
 b - a +0 dagger (at the ready) (11 in total).
 You are hit by a crossbow bolt.
 In what direction?
 You kill the gnome!
 b - a +0 dagger (at the ready) (11 in total).
 There is a dwarf corpse here; eat it? [ynq] (n)
 This dwarf corpse tastes okay.
 You stop eating the dwarf corpse.
 In what direction?
 You throw 2 daggers.
 The 1st dagger hits the gnome.
 The 2nd dagger hits the gnome.
 The gnome misses!
 In what direction?
 What do you want to write with? [- ablq or ?*]
 You write in the dust with your fingertip.
 The gnome hits!
 The gnome swings his crossbow.
 The gnome hits!
 What do you want to write with? [- ablq or ?*]
 You wipe out the message that was written in the dust here.
 You burn into the floor with a wand of fire.
 Flames fly from the wand.
 The crossbow bolt hits the gnome.
 The gnome is killed!
 Some text has been burned into the floor here.
 You read: "Elbereth".
 There is a partly eaten dwarf corpse here; eat it? [ynq] (n)
 You resume your meal.
 You are almost hit by a crossbow bolt.
 You stop eating the dwarf corpse.
 You are hit by a crossbow bolt.
 You hear the howling of the CwnAnnwn...
 The gnome picks up 2 +0 daggers.
 You climb up the stairs.
 What do you want to write with? [- ablq or ?*]
 You write in the dust with your fingertip.
 The giant bat bites!
 You die...
 Do you want your possessions identified? [ynq] (y)
 Do you want to see your attributes? [ynq] (y)
 Do you want an account of creatures vanquished? [ynaq] (y)
 Do you want to see your conduct and achievements? [ynq] (y)
 Do you want to see the dungeon overview? [ynq] (y)

Inventory:
 Weapons  (')')
  b - 9 +0 daggers (at the ready)
  l - a +0 dagger (weapon in right hand)
  a - a +0 short sword
 Armor    ('[')
  j - a blessed +1 pair of fumble boots
  c - a blessed +1 leather armor (being worn)
 Comestibles  ('%')
  u - an uncursed cram ration
  m - 2 uncursed food rations
  k - a blessed tin of szechuan goblin meat
  i - an uncursed lichen corpse
 Scrolls  ('?')
  s - an uncursed scroll of magic mapping
 Potions  ('!')
  t - an uncursed potion of confusion
 Wands    ('/')
  q - a wand of fire (0:2)
 Tools    ('(')
  Y - an uncursed sack containing 7 items
  g - an uncursed blindfold
  e - an uncursed lock pick

Contents of the sack:
  64 gold pieces
  an uncursed scroll of create monster
  an uncursed scroll of identify
  a blessed potion of healing
  an uncursed potion of healing
  an uncursed potion of sickness
  an uncursed potion of water

Corncycle the Rogue's attributes:

Background:
 You were a Cutpurse, a level 3 male human Rogue.
 You were chaotic, nominally on a mission for Kos
 who was opposed by Issek (lawful) and Mog (neutral).
 You were right-handed.
 You were in the Dungeons of Doom, on level 4.
 You entered the dungeon 1256 turns ago.
 You had 62 experience points, 18 more were needed to attain level 4.

Basics:
 You had 0 out of 27 hit points.
 You had all 12 energy points (spell power).
 Your armor class was 7.
 Your wallet was empty, but
 you had 64 zorkmids stashed away in your pack.
 Autopickup was on for '.' plus thrown.

Final Characteristics:
 Your strength was 11 (limit:18/100).
 Your dexterity was 18 (limit:18).
 Your constitution was 12 (limit:18).
 Your intelligence was 13 (limit:18).
 Your wisdom was 10 (limit:18).
 Your charisma was 11 (limit:18).

Final Status:
 You weren't hungry.
 You were unencumbered.
 You were wielding a dagger.
 You had basic skill with dagger.

Final Attributes:
 You were devoutly aligned.
 You were stealthy.
 You were warded.
 You are dead.

Miscellaneous:
 You didn't encounter any bones levels.
 Total elapsed playing time was 12 minutes and 19 seconds.

Major events:
 Turn
    1: Corncycle the chaotic male human Rogue entered the dungeon
 1198: entered the Gnomish Mines
 1230: attained the rank of Cutpurse (level 3)
 1256: killed by a giant bat

You didn't know any spells.

Skills:
 Fighting Skills
   bare handed combat [Unskilled]
   two weapon combat  [Unskilled]
   riding             [Unskilled]
 Weapon Skills
   dagger             [Basic]
   knife              [Unskilled]
   short sword        [Basic]
   broadsword         [Unskilled]
   long sword         [Unskilled]
   two-handed sword   [Unskilled]
   saber              [Unskilled]
   club               [Unskilled]
   mace               [Unskilled]
   morning star       [Unskilled]
   flail              [Unskilled]
   hammer             [Unskilled]
   polearms           [Unskilled]
   spear              [Unskilled]
   crossbow           [Unskilled]
   dart               [Unskilled]
   shuriken           [Unskilled]
 Spellcasting Skills
   divination spells  [Unskilled]
   escape spells      [Unskilled]
   matter spells      [Unskilled]

Voluntary challenges:
 Character rerolling was not enabled.
 You were an atheist.
 You never genocided any monsters.
 You never polymorphed an object.
 You never changed form.
 You used no wishes.
Achievements:
 You entered a shop.
 You entered the Gnomish Mines.
 You attained the rank of Cutpurse.

 The Dungeons of Doom: levels 1 to 5
    Level 1:
       Some fountains, a sink.
    Level 2:
       A general store, a fountain.
    Level 3:
       A general store, a fountain.
    Level 4: <- You were here.
       Stairs down to The Gnomish Mines.
       Final resting place for
          you, killed by a giant bat.
    Level 5:
 The Gnomish Mines:
    Level 5:


Vanquished creatures:
  a gnome leader
  a little dog
  a dwarf
  2 coyotes
  4 gnomes
  a gecko
  2 foxes
  4 sewer rats
  2 grid bugs
  3 lichens
  3 newts
24 creatures vanquished.

No species were genocided or became extinct.

Game over:
                       ----------
                      /          \
                     /    REST    \
                    /      IN      \
                   /     PEACE      \
                  /                  \
                  |    Corncycle     |
                  |      64 Au       |
                  |   killed by a    |
                  |    giant bat     |
                  |                  |
                  |                  |
                  |       2026       |
                 *|     *  *  *      | *
        _________)/\\_//(\/(/\)/\//\/|_)_______

Goodbye Corncycle the Rogue...

You died in The Dungeons of Doom on dungeon level 4 with 516 points,
and 64 pieces of gold, after 1256 moves.
You were level 3 with a maximum of 27 hit points when you died.

